 Dungeon Crawl Stone Soup version 0.17.0-15-g6d90897 (webtiles) character file.

1443 tp1 the Infuser (level 8, -2/41 HPs)
             Began as a Deep Elf Conjurer on Nov 10, 2015.
             Shot with an arrow by a centaur (5 damage)
             ... on level 6 of the Dungeon.
             The game lasted 00:32:10 (5371 turns).

tp1 the Infuser (Deep Elf Conjurer)                 Turns: 5371, Time: 00:32:10

Health: -2/41      AC:  6    Str:  5    XL:     8   Next: 46%
Magic:  0/20       EV: 14    Int: 23    God:
Gold:   319        SH:  0    Dex: 15    Spells: 3 memorised, 13 levels left

rFire  + . .     SeeInvis +     u - +0 rapier
rCold  . . .     Clarity  .     y - +0 robe {rF+}
rNeg   . . .     SustAt   .     (no shield)
rPois  .         Gourm    .     d - +0 helmet
rElec  .         Spirit   .     B - +0 cloak
rCorr  .         Warding  .     e - +0 pair of gloves
rMut   .         Stasis   .     h - +0 pair of boots
MR     .....                    (no amulet)
Stlth  ++........               D - ring of see invisible
                                r - +1 ring of evasion

@: very slightly contaminated, not resistant to hostile enchantments, unstealthy
A: claws 1
a: no special abilities


You were on level 6 of the Dungeon.
You were hungry.

You visited 1 branch of the dungeon, and saw 6 of its levels.

You collected 319 gold pieces.

Inventory:

Hand Weapons
 k - a +0 short sword of holy wrath
 s - a +0 dagger of speed
 u - a +0 rapier (weapon)
Armour
 a - a +0 robe
 d - a +0 helmet (worn)
 e - a +0 pair of gloves (worn)
 h - a +0 pair of boots (worn)
 y - a +0 robe of fire resistance (worn)
 B - a +0 cloak (worn)
Jewellery
 r - a +1 ring of evasion (left hand)
 D - a ring of see invisible (right hand)
 E - an uncursed ring of ice {unknown}
Wands
 q - a wand of slowing (20)
 O - a wand of heal wounds (2)
Scrolls
 f - 10 scrolls of identify {unknown}
 g - 4 scrolls of enchant armour {unknown}
 i - a scroll of random uselessness {unknown}
 m - 4 scrolls of remove curse {unknown}
 o - 4 scrolls of teleportation {unknown}
 p - a scroll of immolation {unknown}
 x - 2 scrolls of blinking {unknown}
 A - a scroll of noise {unknown}
 I - a scroll of amnesia {unknown}
 L - 2 scrolls of fog {unknown}
 M - a scroll of fear {unknown}
Potions
 v - a potion of brilliance {unknown}
 w - a potion of agility {unknown}
 z - a potion of lignification {unknown}
 C - a potion of poison
 G - a potion of invisibility {unknown}
 H - a potion of heal wounds {unknown}
 K - a potion of mutation {unknown}
 P - a potion of resistance {unknown}
Books
 b - a book of Conjurations

   Spells                             Type                      Level
   a - Magic Dart                     Conjuration                  1
   b - Searing Ray                    Conjuration                  2
   c - Dazzling Spray                 Conjuration/Hexes            3
   d - Fulminant Prism                Conjuration/Hexes            4
   e - Iskenderun's Mystic Blast      Conjuration                  4
   f - Iskenderun's Battlesphere      Conjuration/Charms           5
 J - a book of Power

   Spells                             Type                      Level
   a - Fulminant Prism                Conjuration/Hexes            4
   b - Iskenderun's Mystic Blast      Conjuration                  4
   c - Venom Bolt                     Conjuration/Poison           5
   d - Bolt of Magma                  Conjuration/Fire/Earth       5
   e - Iron Shot                      Conjuration/Earth            6
   f - Orb of Destruction             Conjuration                  7
   g - Spellforged Servitor           Conjuration/Summoning        7
Comestibles
 c - 3 bread rations
 l - 2 meat rations
 n - a slice of pizza
 F - a royal jelly
 N - a fruit
 Q - 2 chunks of flesh


   Skills:
 - Level 2.4 Dodging
 - Level 2.4 Stealth
 - Level 7.3 Spellcasting
 + Level 8.4 Conjurations
 - Level 9.1 Charms


You had 13 spell levels left.
You knew the following spells:

 Your Spells              Type           Power        Failure   Level  Hunger
a - Magic Dart            Conj           ####         1%          1    None
b - Searing Ray           Conj           #####.       1%          2    None
d - Iskenderun's Battles  Conj/Chrm      #####...     8%          5    #####..


Dungeon Overview and Level Annotations

Branches:
Dungeon (6/15)
 Temple: D:4-7

Altars:
Ashenzari
Elyvilon
Xom
Yredelemnul

Annotations:
D:4 Rayvis's ghost, amateur DgCj


Innate Abilities, Weirdness & Mutations

You have sharp fingernails.


Message History

The centaur shoots an arrow.
The arrow completely misses you.
The centaur shoots an arrow.
The arrow hits you!
* * * LOW HITPOINT WARNING * * *
Drink which item? (? for menu, Esc to quit)
It was a potion of poison.
That liquid tasted very nasty...
You are lethally poisoned!
* * * LOW HITPOINT WARNING * * *
You feel sick.
The centaur shoots an arrow.
The arrow closely misses you.
Drink which item? (? for menu, Esc to quit)
It was a potion of curing.
You feel better.
The centaur shoots an arrow.
The arrow hits you.
* * * LOW HITPOINT WARNING * * *
Drink which item? (? for menu, Esc to quit)
It was a potion of beneficial mutation.
Your fingernails lengthen.
You feel fantastic!
The centaur shoots an arrow.
The arrow hits you.
* * * LOW HITPOINT WARNING * * *
The centaur shoots an arrow.
The arrow hits you.
You die...

.# #.........# .#
#..†......## # .#
#..........#.# .# ##
#####......#.###.# #
#......c..... #
#.......##.## #
#...........# ## #
###.##......# ...
....#8.8#...@..#
......$.))...(((...#
........#8)8#..†...#
........##.##...((.#
....... ....#.....##
...... .........#.#
.. .............#.#
.. ......#....... ..
......#....####


You could see a centaur.

Vanquished Creatures
  Sigmund (D:3)
  A phantom (D:4)
  2 centaurs
  2 ogres
  A big kobold (D:6)
  A gnoll sergeant (D:6)
  A scorpion (D:5)
  A crimson imp (D:5)
  A jelly (D:6)
  2 orc priests (D:6)
  4 hounds
  An orc wizard (D:4)
  3 gnoll shamans (D:6)
  Terence (D:3)
  2 worker ants
  A hound skeleton (D:5)
  A worker ant zombie (D:6)
  8 gnolls
  9 adders
  An ooze (D:3)
  An adder skeleton (D:6)
  2 worms
  4 giant geckos
  10 orcs
  2 ball pythons
  9 bats
  A giant cockroach (D:3)
  17 hobgoblins
  2 jackals (D:5)
  17 kobolds
  7 giant newts
  8 goblins
  3 quokkas
  A quokka skeleton (D:5)
  5 rats
133 creatures vanquished.

Vanquished Creatures (others)
  An orc wizard (D:5)
  2 worker ants (D:5)
  A jackal (D:5)
4 creatures vanquished.

Grand Total: 137 creatures vanquished

Notes
Turn   | Place    | Note
--------------------------------------------------------------
     0 | D:1      | tp1 the Deep Elf Conjurer began the quest for the Orb.
     0 | D:1      | Reached XP level 1. HP: 10/10 MP: 6/6
   277 | D:1      | Reached XP level 2. HP: 15/15 MP: 5/8
   327 | D:1      | Reached skill level 5 in Conjurations
   333 | D:1      | Learned a level 2 spell: Searing Ray
   812 | D:2      | Reached XP level 3. HP: 19/19 MP: 6/9
  1402 | D:2      | Reached skill level 6 in Conjurations
  1756 | D:2      | Reached XP level 4. HP: 24/24 MP: 8/11
  2409 | D:3      | Noticed Sigmund
  2531 | D:3      | Noticed Terence
  2540 | D:3      | Killed Terence
  2540 | D:3      | Reached skill level 5 in Spellcasting
  2569 | D:3      | Reached XP level 5. HP: 21/28 MP: 0/14
  2660 | D:3      | Killed Sigmund
  2660 | D:3      | Reached skill level 7 in Spellcasting
  2660 | D:3      | Reached XP level 6. HP: 20/32 MP: 6/18
  2667 | D:3      | Learned a level 5 spell: Iskenderun's Battlesphere
  2953 | D:3      | Reached skill level 1 in Charms
  3093 | D:3      | Found a faded altar to an unknown god.
  3471 | D:3      | Found a faded altar to an unknown god.
  3888 | D:4      | Reached skill level 5 in Charms
  4038 | D:4      | Reached XP level 7. HP: 36/36 MP: 15/19
  4052 | D:4      | Noticed Rayvis's ghost (amateur DgCj)
  4208 | D:5      | Entered Level 5 of the Dungeon
  4216 | D:5      | Found a basalt altar of Yredelemnul.
  4256 | D:5      | Found a shimmering altar of Xom.
  4310 | D:5      | Reached skill level 8 in Charms
  4498 | D:5      | Found a shattered altar of Ashenzari.
  4554 | D:5      | Found a white marble altar of Elyvilon.
  4725 | D:6      | Reached skill level 9 in Charms
  4821 | D:6      | Reached XP level 8. HP: 29/41 MP: 5/20
  5371 | D:6      | Gained mutation: You have sharp fingernails. [potion of beneficial mutation]
  5371 | D:6      | Shot with an arrow by a centaur

Action                   |  1- 3 |  4- 6 |  7- 9 || total
-------------------------+-------+-------+-------++-------
Melee: Rapier            |     4 |     1 |    22 ||    27
 Cast: Magic Dart        |    58 |    78 |    81 ||   217
       Searing Ray       |     2 |    16 |     3 ||    21
       Iskenderun's Batt |       |       |    16 ||    16
  Use: Potion            |       |       |     3 ||     3
  Eat: Chunk             |     2 |     7 |     7 ||    16
       Fruit             |       |       |     1 ||     1
